 Dungeon Crawl Stone Soup version 0.31.0-1-g2c135a0 (webtiles) character file.

Game seed: 3499828140750851172

412355 TobyRickard the Shatterer (level 22, -7/294 (322) HPs)
             Began as a Minotaur Berserker on Jan 30, 2024.
             Was the Champion of Trog.
             Mangled by a +3 vampiric glaive (25 damage)
             ... on level 2 of the Elven Halls.
             The game lasted 01:25:04 (35422 turns).

TobyRickard the Shatterer (Minotaur Berserker)     Turns: 35422, Time: 01:25:04

HP:   -7/294 (322)  AC: 39    Str: 34    XL:     22   Next: 30%
MP:   21/21         EV: 20    Int:  4    God:    Trog [******]
Gold: 5566          SH:  0    Dex: 18    Spells: 21/21 levels left

rFire   + . .        P - +9 great mace of Imp's Peril {flame, rElec Dex+4}
rCold   . . .        (shield currently unavailable)
rNeg    . . .        J - +6 plate armour "Muuczika" {Harm}
rPois   +            v - +2 hat
rElec   +            T - +2 cloak {Will+}
rCorr   .            y - +2 pair of gloves {Str+3}
SInv    .            u - +2 pair of boots
Will    ++...        D - amulet of regeneration Stlth
                     G - ring "Xebajaank" {rPois Dex+2}
HPRegen 1.49/turn    F - ring of protection from fire
MPRegen 0.17/turn

%: harm (+30% outgoing, +20% incoming)
@: berserking, lethally poisoned (-7 -> -15), drained, very quick
A: horns 2, retaliatory headbutt
}: 2/15 runes: decaying, serpentine
a: Renounce Religion, Berserk, Trog's Hand, Brothers in Arms


You were on level 2 of the Elven Halls.
You worshipped Trog.
Trog was exalted by your worship.
You visited 7 branches of the dungeon, and saw 35 of its levels.
You also visited: Trove, Ossuary, Gauntlet and Ice Cave.

You collected 5605 gold pieces.
You spent 39 gold pieces at shops.

Inventory:

Hand Weapons
 d - the +5 eveningstar of Powerful Valour {speed, rElec rPois Will+}
   (You found it in a treasure trove)

   rElec:     It insulates you from electricity.
   rPois:     It protects you from poison Will+: It increases your willpower.
 P - the +9 great mace of Imp's Peril (weapon) {flame, rElec Dex+4}
   (Trog gifted it to you on level 12 of the Dungeon)

   Dex+4:     It affects your dexterity (+4).
   rElec:     It insulates you from electricity.
Armour
 i - a +2 tower shield of protection
 u - a +2 pair of boots (worn)
 v - a +2 hat (worn)
 y - a +2 pair of gloves of strength (worn)
 J - the +6 plate armour "Muuczika" (worn) {Harm}
   (You found it on level 9 of the Dungeon)

   Harm:      It increases damage dealt and taken.
 T - a +2 cloak of willpower (worn)
Jewellery
 D - an amulet of regeneration (around neck)
 F - a ring of protection from fire (right hand)
 G - the ring "Xebajaank" (left hand) {rPois Dex+2}
   (You found it in a Gauntlet)

   [ring of poison resistance]

   Dex+2:     It affects your dexterity (+2).
   rPois:     It protects you from poison
Wands
 f - a wand of flame (28)
 q - a wand of acid (12)
 C - a wand of iceblast (14)
 L - a wand of polymorph (25)
 M - a wand of mindburst (38)
 O - a wand of charming (8)
Scrolls
 a - 9 scrolls of amnesia
 b - 2 scrolls of immolation
 e - 6 scrolls of enchant armour
 j - 2 scrolls of fear
 k - a scroll of acquirement {unknown}
 r - 2 scrolls of silence
 s - 3 scrolls of enchant weapon
 w - 5 scrolls of blinking
 x - 5 scrolls of fog
 A - 4 scrolls of poison
 K - 5 scrolls of teleportation
 R - 2 scrolls of vulnerability
 S - 4 scrolls of butterflies
 W - 2 scrolls of brand weapon
 Z - 14 scrolls of identify
Potions
 c - 10 potions of might
 g - 2 potions of cancellation
 h - 4 potions of invisibility
 m - 2 potions of resistance
 n - 17 potions of curing
 p - 7 potions of enlightenment
 t - 2 potions of berserk rage
 z - 9 potions of haste
 B - 2 potions of magic
 H - 5 potions of lignification
Miscellaneous
 E - a tin of tremorstones (2/2)
 Q - a phial of floods


   Skills:
 - Level 21.9 Fighting
 - Level 25.9 Maces & Flails
 - Level 21.7 Armour
 - Level 19.8 Dodging
 + Level 8.6 Shields


You had 21 spell levels left.
You didn't know any spells.
Your spell library was empty.

Dungeon Overview and Level Annotations

Branches:
Dungeon (15/15)            Temple (0/1) D:4            Lair (5/5) D:10
  Swamp (4/4) Lair:2        Snake (4/4) Lair:2        Slime (0/5) Lair:4
    Orc (2/2) D:10            Elf (2/3) Orc:2        Vaults (3/5) D:14
  Crypt (0/3) Vaults:3     Depths (0/4) D:15        Ossuary (visited)
  IceCv (visited)         Gauntlet (visited)

Altars:
Ashenzari
Dithmenos
Elyvilon
Hepliaklqana
Okawaru
Sif Muna
Trog
Uskayaw
Vehumet
Wu Jian
Zin
Jiyva

Shops:
D:1 [   D:3 :   D:7 (   D:10 =   Orc:2 **((   Elf:1 :   Snake:1 =:=
Vaults:1 [=   Vaults:2 *   Vaults:3 (

Annotations:
D:8 1 transporter
D:12 4 transporters
Snake:4 6 transporters


Innate Abilities, Weirdness & Mutations

You have a pair of horns on your head.
You reflexively headbutt those who attack you in melee.


Message History

Something hits you but does no damage.
Unknown command.
You bludgeon the deep elf annihilator!! You burn the deep elf annihilator.
You headbutt the deep elf annihilator!
The deep elf annihilator is almost dead.
The yak completely misses you. You furiously retaliate!
You headbutt the yak!
The deep elf annihilator points at you and mumbles some strange words.
The crystal spear misses you.
The crystal spear hits the deep elf pyromancer!!!
The deep elf pyromancer dies!
The deep elf high priest invokes the aid of its god against you.
Something smites you!
* * * LOW HITPOINT WARNING * * *
The ghostly deep elf death mage draws life force from you!!
* * * LOW HITPOINT WARNING * * *
The ghostly deep elf death mage is healed by the life force!
The deep elf high priest intones a terrible prayer.
The deep elf high priest hits you with a +0 long sword.
* * * LOW HITPOINT WARNING * * *
Something hits you but does no damage.
The +3 vampiric glaive completely misses you.
You closely miss the deep elf annihilator.
Your headbutt misses the deep elf annihilator.
The deep elf annihilator is almost dead.
You feel sick.
Unknown command.
You hammer the deep elf annihilator like a gong!!!
You burn the deep elf annihilator.
The lost soul assumes the form of the deep elf annihilator and becomes anchored to this world!
Something hits you but does no damage.
The ghostly deep elf annihilator casts a spell at you.
The poison arrow hits you!
You are more poisoned.
You partially resist.
* * * LOW HITPOINT WARNING * * *
The yak barely misses you. The deep elf high priest misses you.
You furiously retaliate!
You headbutt the deep elf high priest!!
The ghostly deep elf death mage hits you but does no damage.
The +3 vampiric glaive hits you from afar!!
You die...

#..#..#.....# +.
#..#..#.....# #.
#..#..#.....#
#..'..#.....# .
#..#..'.....#..
#...............
#..............<
#..''''e)''''...
#..'++E{@)++'...
#..'++(eeYE+'...
#..'++(?ee++ ...
#.. +'$.%.+ ..
++$..$+ +.$.$+


++++++ You could see a ghostly deep elf death mage (empowered), a deep elf
master archer, a ghostly deep elf annihilator (empowered), 2 deep elf high
priests, an earth elemental, a water elemental, a yak and 2 dancing weapons.

Vanquished Creatures
  A dread lich (Vaults:1)
  the Lernaean hydra (Swamp:4)
  A shard shrike (IceCv)
  Jorgrun (D:14)
  A tentacled monstrosity (Vaults:2)
  A deep elf blademaster (Elf:2)
  A lich (Vaults:3)
  A sphinx (Vaults:3)
  A thorn hunter (Swamp:1)
  Roxanne (Swamp:1)
  6 nagarajas
  Aizul (Snake:3)
  A frost giant (Vaults:2)
  3 vault wardens
  11 ironbound preservers
  An orc warlord (Vaults:3)
  6 ghouls
  Nessos (Lair:3)
  4 deep elf death magi
  7 ironbound thunderhulks
  10 bunyips
  2 war gargoyles (Vaults:3)
  5 dire elephants
  A minotaur (Gauntlet)
  Azrael (D:13)
  A deep elf annihilator (Elf:2)
  A white draconian (IceCv)
  4 yaktaur captains
  An entropy weaver (Vaults:3)
  A shambling mangrove (Swamp:4)
  23 hydras
  4 great orbs of eyes
  Erolcha (D:10)
  3 peacekeepers
  5 anacondas
  3 vault guards (D:14)
  4 catoblepae
  11 ironbound frosthearts
  4 salamander tyrants
  4 centaur warriors
  4 ogre magi (Orc:2)
  4 boulder beetles
  2 spriggan air magi (Swamp:4)
  22 two-headed ogres
  9 alligators
  2 ghost crabs
  10 dancing weapons
  20 naga warriors
  18 death yaks (Lair:5)
  A tengu warrior (D:8)
  2 thrashing horrors (Gauntlet)
  2 orc high priests
  6 spriggans
  Nergalle (Lair:3)
  17 naga sharpshooters
  9 shock serpents
  9 deep elf knights
  8 salamander mystics
  2 skysharks
  A fire crab (Gauntlet)
  5 goliath frogs
  A deep troll (shapeshifter) (Vaults:2)
  6 arcanists
  7 mana vipers
  2 spriggan druids
  An orange crystal statue (IceCv)
  5 bog bodies
  2 flayed ghosts (Vaults:1)
  39 deep trolls
  14 deep elf archers
  15 deep elf zephyrmancers
  3 naga ritualists
  18 swamp dragons
  5 necromancers
  2 phantasmal warriors (Vaults:1)
  5 harpies (Vaults:3)
  11 lindwurms
  11 ironbound convokers
  11 deep elf pyromancers
  4 will-o-the-wisps
  7 orc knights
  37 ugly things
  An oklob plant (Lair:4)
  A wolf spider (D:15)
  21 salamanders
  6 cyclopes
  5 elephants (Lair:4)
  3 meliai (D:15)
  8 manticores
  3 kobold blastminers
  Joseph (D:7)
  19 naga magi
  22 black mambas
  5 guardian serpents
  9 cane toads
  8 vault sentinels
  A torpor snail (Lair:4)
  2 gargoyles (D:12)
  2 unseen horrors
  An efreet (D:9)
  11 yaktaurs
  17 rime drakes
  12 komodo dragons
  A tengu conjurer (D:14)
  A freezing wraith (Vaults:1)
  19 polar bears
  6 trolls
  7 hornets
  An ettin zombie (Vaults:3)
  25 blink frogs
  3 tyrant leeches
  2 dream sheep (Lair:4)
  29 slime creatures
  3 water elementals
  A culicivora (Vaults:3)
  78 yaks
  A shadow (D:11)
  2 air elementals
  3 fire elementals
  8 wyverns
  3 wraiths
  2 wargs
  4 fire bats (Gauntlet)
  A vampire (D:12)
  6 basilisks
  15 humans (D:14)
  3 steam dragons
  Menkaure (D:7)
  22 vampire mosquitoes
  A yaktaur simulacrum (Vaults:3)
  42 nagas
  19 swamp worms
  7 acid dragons
  2 hell hounds (D:13)
  Duvessa (D:7)
  9 swamp drakes
  13 water moccasins
  2 sky beasts (D:6)
  5 black bears
  19 orc warriors
  15 wolves
  17 centaurs
  30 ogres
  A phantom (D:7)
  2 kobold brigands
  An elf zombie (Ossuary)
  14 bullfrogs
  A gnoll sergeant (D:8)
  A necrophage (Swamp:2)
  An earth elemental (Elf:1)
  3 scorpions
  4 small abominations (Gauntlet)
  12 wights
  Dowan (D:7)
  6 killer bees (D:7)
  3 electric eels (Lair:2)
  5 howler monkeys
  3 bombardier beetles
  2 centaur zombies (Ossuary)
  3 hounds
  14 orc priests
  3 human zombies
  3 jellies
  A sleepcap (D:6)
  2 iguanas (D:5)
  21 orc wizards
  2 human simulacra (D:13)
  5 hound zombies (Ossuary)
  2 mummies (Ossuary)
  6 gnolls
  8 adders
  3 shadow imps
  A white imp (D:8)
  2 ufetubi (D:5)
  5 adder zombies (Ossuary)
  3 dart slugs
  57 orcs
  6 ball pythons
  10 bats
  6 endoplasms
  2 giant cockroaches (D:2)
  10 gnoll zombies (Ossuary)
  6 goblins
  6 hobgoblins
  10 kobolds
  2 quokkas
  5 jackal zombies (Ossuary)
  7 orc zombies (Ossuary)
  5 rats
1363 creatures vanquished.

Vanquished Creatures (others)
  A deep elf knight (Elf:1)
  A deep elf zephyrmancer (Elf:1)
  A deep elf pyromancer (Elf:2)
  Maurice (D:7)
  A naga mage (Snake:4)
  3 bloated husks
  An orc wizard (D:8)
  13 foxfires
22 creatures vanquished.

Grand Total: 1385 creatures vanquished

Notes
Turn   | Place    | Note
-------+----------+-------------------------------------------
     0 | D:1      | TobyRickard the Minotaur Berserker began the quest for the
                  | Orb.
     0 | D:1      | Reached XP level 1. HP: 19/19 MP: 0/0
    87 | D:1      | Found Tough's Armour Boutique.
   270 | D:1      | Reached XP level 2. HP: 27/27 MP: 1/1
   536 | D:1      | Reached skill level 4 in Maces & Flails
   971 | D:2      | You fall into a shaft and drop 1 floor!
   993 | D:4      | Reached XP level 3. HP: 31/33 MP: 2/2
  1045 | D:4      | Noticed a bullfrog
  1049 | D:4      | Killed a bullfrog
  1050 | D:4      | Reached XP level 4. HP: 31/41 MP: 3/3
  1150 | D:4      | Found a sand-covered staircase.
  1158 | Ossuary  | Entered an ossuary
  1170 | Ossuary  | Reached ** piety under Trog
  1190 | Ossuary  | Reached XP level 5. HP: 47/47 MP: 4/4
  1250 | Ossuary  | Reached skill level 5 in Fighting
  1250 | Ossuary  | Reached skill level 5 in Maces & Flails
  1260 | Ossuary  | Reached XP level 6. HP: 56/56 MP: 5/5
  1706 | D:3      | Reached *** piety under Trog
  1873 | D:3      | Identified the ring "Gaeskeok" {Fly AC+4}
  1918 | D:3      | Found Buukubor's Book Shop.
  1988 | D:3      | Reached skill level 5 in Armour
  2248 | D:3      | Reached XP level 7. HP: 62/62 MP: 6/6
  2814 | D:2      | Found a faded altar of an unknown god.
  3291 | D:4      | Reached skill level 6 in Maces & Flails
  3296 | D:4      | Reached skill level 5 in Dodging
  3536 | D:4      | Found a hazy altar of Hepliaklqana.
  3679 | D:4      | Found a staircase to the Ecumenical Temple.
  3703 | D:4      | Found an ornate altar of the Wu Jian Council.
  3727 | D:4      | Reached **** piety under Trog
  3917 | D:5      | Entered Level 5 of the Dungeon
  4010 | D:5      | Found an iron altar of Okawaru.
  4367 | D:5      | Found a bloodstained altar of Trog.
  4381 | D:5      | Reached XP level 8. HP: 68/71 MP: 7/7
  4761 | D:5      | Found a shimmering blue altar of Sif Muna.
  5072 | D:6      | Reached skill level 7 in Maces & Flails
  5334 | D:6      | Found a white marble altar of Elyvilon.
  5346 | D:6      | Reached XP level 9. HP: 77/81 MP: 8/8
  5358 | D:6      | Found a radiant altar of Vehumet.
  5358 | D:6      | Found a hide-covered altar of Uskayaw.
  5548 | D:7      | Reached skill level 8 in Maces & Flails
  5647 | D:7      | Found Gahuir's Weapon Boutique.
  5784 | D:7      | Noticed Menkaure
  5791 | D:7      | Killed Menkaure
  6000 | D:7      | Noticed Duvessa
  6002 | D:7      | Noticed Dowan
  6007 | D:7      | Killed Duvessa
  6014 | D:7      | Killed Dowan
  6114 | D:7      | Noticed Maurice
  6117 | D:7      | Something stole 128 gold
  6141 | D:7      | Something stole 305 gold
  6143 | D:7      | Killed Maurice
  6434 | D:7      | Noticed Joseph
  6449 | D:7      | Killed Joseph
  6450 | D:7      | Reached skill level 9 in Maces & Flails
  6863 | D:8      | Found a glowing silver altar of Zin.
  6863 | D:8      | Noticed a komodo dragon
  6876 | D:8      | Reached XP level 10. HP: 85/91 MP: 9/9
  7081 | D:8      | Reached ***** piety under Trog
  7405 | D:8      | Reached skill level 10 in Fighting
  7405 | D:8      | Reached skill level 10 in Maces & Flails
  7434 | D:8      | Found a transporter.
  7439 | D:8      | Found a transporter.
  7441 | D:8      | Found a transporter.
  7470 | D:8      | Found a transporter.
  7591 | D:8      | Found a broken altar of Ashenzari.
  7591 | D:8      | Noticed a tengu warrior
  7612 | D:8      | Killed a tengu warrior
  7676 | D:8      | Reached skill level 10 in Armour
  7862 | D:9      | Noticed a two-headed ogre
  7872 | D:9      | Killed a two-headed ogre
  8150 | D:9      | Noticed a two-headed ogre
  8157 | D:9      | Killed a two-headed ogre
  8158 | D:9      | Reached XP level 11. HP: 89/101 MP: 10/10
  8176 | D:9      | Reached skill level 11 in Maces & Flails
  8286 | D:9      | Noticed a catoblepas
  8286 | D:9      | Noticed a centaur warrior
  8309 | D:9      | Killed a catoblepas
  8310 | D:9      | Reached skill level 10 in Dodging
  8315 | D:9      | Killed a centaur warrior
  8345 | D:9      | Noticed a two-headed ogre
  8354 | D:9      | Killed a two-headed ogre
  8450 | D:9      | Noticed an orc knight
  8469 | D:9      | Killed an orc knight
  8530 | D:9      | Received a gift from Trog
  8564 | D:9      | Identified the +6 plate armour "Muuczika" {Harm}
  8965 | D:10     | Entered Level 10 of the Dungeon
  9029 | D:10     | Reached skill level 12 in Maces & Flails
  9032 | D:10     | Found Gare's Jewellery Shoppe.
  9066 | D:10     | Noticed Erolcha
  9073 | D:10     | Killed Erolcha
  9113 | D:10     | Found a staircase to the Orcish Mines.
  9537 | D:10     | Noticed a two-headed ogre
  9544 | D:10     | Killed a two-headed ogre
  9545 | D:10     | Reached XP level 12. HP: 113/113 MP: 11/11
  9659 | D:10     | Found a staircase to the Lair.
 10580 | D:12     | Reached skill level 13 in Maces & Flails
 10669 | D:12     | Noticed a two-headed ogre
 10679 | D:12     | Killed a two-headed ogre
 10866 | D:12     | Found a transporter.
 10913 | D:12     | Found a transporter.
 11120 | D:12     | Found a transporter.
 11170 | D:12     | Identified the +9 great mace of Imp's Peril {flame, rElec
                  | Dex+4} (Trog gifted it to you on level 12 of the Dungeon)
 11170 | D:12     | Received a gift from Trog
 11187 | D:12     | Noticed a boulder beetle
 11194 | D:12     | Killed a boulder beetle
 11217 | D:12     | Found a transporter.
 11393 | D:13     | Reached skill level 14 in Maces & Flails
 11408 | D:13     | Noticed Azrael
 11417 | D:13     | Killed Azrael
 11418 | D:13     | Reached XP level 13. HP: 35/122 MP: 12/12
 11731 | D:13     | Reached skill level 15 in Maces & Flails
 12129 | D:14     | Reached skill level 16 in Maces & Flails
 12256 | D:14     | Found a gate to the Vaults.
 12268 | D:14     | Received a gift from Trog
 12270 | D:14     | Reached skill level 17 in Maces & Flails
 12478 | D:14     | Noticed Jorgrun
 12486 | D:14     | Killed Jorgrun
 12486 | D:14     | Reached ****** piety under Trog
 12487 | D:14     | Reached skill level 18 in Maces & Flails
 12783 | D:14     | Found a shadowy altar of Dithmenos.
 12807 | D:14     | Reached XP level 14. HP: 56/129 MP: 13/13
 12809 | D:14     | Reached skill level 19 in Maces & Flails
 13071 | D:15     | Entered Level 15 of the Dungeon
 13258 | D:15     | Identified the +1 leather armour of Zaotoqem {rF+ Will+
                  | Dex-4}
 13471 | D:15     | Reached skill level 20 in Maces & Flails
 13630 | D:15     | Found a staircase to the Depths.
 14481 | Lair:1   | Entered Level 1 of the Lair of Beasts
 14572 | Lair:1   | Identified the +4 great mace of Egyjuhev {heavy, *Rage rF++
                  | rC+} (Trog gifted it to you on level 1 of the Lair of
                  | Beasts)
 14572 | Lair:1   | Received a gift from Trog
 15346 | Lair:2   | Found a staircase to the Swamp.
 15437 | Lair:2   | Found a staircase to the Snake Pit.
 16061 | Lair:3   | Noticed Nergalle
 16070 | Lair:3   | Killed Nergalle
 16164 | Lair:3   | Found a gate leading to a gauntlet.
 16180 | Gauntlet | Entered a Gauntlet
 16180 | Gauntlet | Found a transporter.
 16180 | Gauntlet | Found a transporter.
 16184 | Gauntlet | Found a transporter.
 16202 | Gauntlet | Found a transporter.
 16210 | Gauntlet | Found a transporter.
 16214 | Gauntlet | Found a transporter.
 16222 | Gauntlet | Found a transporter.
 16240 | Gauntlet | Found a runed translucent gate.
 16241 | Gauntlet | Found a transporter.
 16241 | Gauntlet | Found a runed translucent gate.
 16242 | Gauntlet | Found a runed translucent gate.
 16256 | Gauntlet | Found a transporter.
 16260 | Gauntlet | Found a transporter.
 16268 | Gauntlet | Found a transporter.
 16272 | Gauntlet | Found a transporter.
 16443 | Gauntlet | Identified the ring "Xebajaank" {rPois Dex+2}
 16634 | Lair:3   | Reached skill level 21 in Maces & Flails
 16645 | Lair:3   | Noticed Nessos
 16652 | Lair:3   | Killed Nessos
 16652 | Lair:3   | Received a gift from Trog
 17234 | Lair:4   | Reached XP level 15. HP: 139/139 MP: 14/14
 17636 | Lair:4   | Found a staircase to the Slime Pits.
 17636 | Lair:4   | Found a viscous altar of Jiyva.
 17994 | Lair:5   | Entered Level 5 of the Lair of Beasts
 18043 | Lair:5   | Identified the +0 long sword "Syhah" {drain, rC+}
 18143 | Lair:5   | Reached skill level 15 in Fighting
 18182 | Lair:5   | Received a gift from Trog
 18324 | Lair:5   | Reached skill level 15 in Armour
 18468 | Lair:5   | Got an earthy gem with 299 turns to spare
 18478 | Lair:5   | Identified the +8 trident "Kuemoorr" {drain, rElec}
 19280 | Orc:1    | Entered Level 1 of the Orcish Mines
 19498 | Orc:2    | Entered Level 2 of the Orcish Mines
 19504 | Orc:2    | Reached XP level 16. HP: 151/151 MP: 15/15
 19730 | Orc:2    | Reached skill level 22 in Maces & Flails
 19811 | Orc:2    | Received a gift from Trog
 19885 | Orc:2    | Found Cuododay's Assorted Antiques.
 19885 | Orc:2    | Found Beseh's Assorted Antiques.
 19900 | Orc:2    | Found Zaibleh's Antique Weapon Emporium.
 19900 | Orc:2    | Found Umaol's Antique Weapon Boutique.
 20324 | Orc:2    | Reached skill level 15 in Dodging
 20525 | Orc:2    | Found a staircase to the Elven Halls.
 20787 | Swamp:1  | Entered Level 1 of the Swamp
 20829 | Swamp:1  | Noticed a thorn hunter
 20911 | Swamp:1  | Killed a thorn hunter
 21030 | Swamp:1  | Received a gift from Trog
 21036 | Swamp:1  | Noticed Roxanne
 21055 | Swamp:1  | Killed Roxanne
 21648 | Swamp:2  | Found a glacial archway.
 21664 | IceCv    | Entered an ice cave
 21834 | IceCv    | Identified the +8 ice dragon scales "Pefa" {rF- rC++ Dex+4}
 21856 | IceCv    | Noticed a shard shrike
 21868 | IceCv    | Killed a shard shrike
 21995 | IceCv    | Reached XP level 17. HP: 161/161 MP: 16/16
 22295 | Swamp:2  | Received a gift from Trog
 22308 | Swamp:2  | Reached skill level 23 in Maces & Flails
 23611 | Swamp:4  | Entered Level 4 of the Swamp
 24058 | Swamp:4  | Noticed the 27-headed Lernaean hydra
 24169 | Swamp:4  | Killed the 27-headed Lernaean hydra
 24365 | Swamp:4  | Received a gift from Trog
 24615 | Swamp:4  | Identified the +4 leather armour of Emyshowaats {rElec
                  | Dex+3}
 24678 | Swamp:4  | Got a decaying rune of Zot
 24982 | Snake:1  | Entered Level 1 of the Snake Pit
 25134 | Snake:1  | Reached XP level 18. HP: 173/173 MP: 17/17
 25226 | Snake:1  | Found Nyoly's Jewellery Boutique.
 25226 | Snake:1  | Found Roiwk's Book Shoppe.
 25227 | Snake:1  | Found Xium's Jewellery Boutique.
 25235 | Snake:1  | Reached XP level 19. HP: 181/181 MP: 18/18
 25236 | Snake:1  | Reached XP level 20. HP: 191/191 MP: 19/19
 25968 | Snake:2  | Reached skill level 24 in Maces & Flails
 26142 | Snake:2  | Received a gift from Trog
 27030 | Snake:3  | Identified the serpent talisman of the Lair of Beasts {rC+
                  | Int+3 Stlth+}
 27030 | Snake:3  | Noticed Aizul
 27037 | Snake:3  | Killed Aizul
 27869 | Snake:4  | Entered Level 4 of the Snake Pit
 27881 | Snake:4  | Found a transporter.
 27963 | Snake:4  | Found a transporter.
 28182 | Snake:4  | Received a gift from Trog
 28268 | Snake:4  | Found a transporter.
 28271 | Snake:4  | Found a transporter.
 28536 | Snake:4  | Found a transporter.
 28541 | Snake:4  | Found a transporter.
 28698 | Snake:4  | Received a gift from Trog
 28825 | Snake:4  | Got a serpentine rune of Zot
 29661 | Vaults:1 | Entered Level 1 of the Vaults
 29730 | Vaults:1 | Identified the +1 leather armour of Restlessness {Regen+
                  | Int+3}
 29827 | Vaults:1 | Found Udwot's Jewellery Shoppe.
 29873 | Vaults:1 | Found Suzer's Antique Armour Emporium.
 30014 | Vaults:1 | Noticed a dread lich
 30025 | Vaults:1 | Killed a dread lich
 30026 | Vaults:1 | Reached XP level 21. HP: 202/202 MP: 20/20
 30277 | Vaults:1 | Reached skill level 25 in Maces & Flails
 30314 | Vaults:1 | Received a gift from Trog
 31281 | Vaults:2 | Found Kiolidd's General Store.
 31289 | Vaults:2 | Bought a scroll of teleportation for 39 gold pieces
 31431 | Vaults:2 | Received a gift from Trog
 32239 | Vaults:3 | Found Yxomir's Weapon Boutique.
 32319 | Vaults:3 | Received a gift from Trog
 32912 | Vaults:3 | Found a staircase to the Crypt.
 33246 | Vaults:3 | Received a gift from Trog
 33556 | Elf:1    | Entered Level 1 of the Elven Halls
 33659 | Elf:1    | Reached XP level 22. HP: 201/215 MP: 21/21
 33740 | Elf:1    | Found a portal to a secret trove of treasure.
 33757 | Elf:1    | You paid a toll of 3 potions of resistance to enter a
                  | treasure trove
 33758 | Trove    | Entered a treasure trove
 33774 | Trove    | Identified the +4 chain mail of Pathos {rCorr Dex+6 Stlth-}
 33779 | Trove    | Identified the +5 eveningstar of Powerful Valour {speed,
                  | rElec rPois Will+}
 33784 | Trove    | Identified the ring "Cirir" {Ice rN+ Str+2 Int+2}
 33788 | Trove    | Identified the ring "Vucaesebb" {Fly rN+}
 33886 | Elf:1    | Found Cykad's Book Shop.
 34035 | Elf:1    | Reached skill level 1 in Shields
 34155 | Elf:1    | Received a gift from Trog
 34422 | Elf:1    | Reached skill level 5 in Shields
 35038 | Elf:2    | Received a gift from Trog
 35061 | Elf:2    | Found a runed translucent gate.
 35076 | Elf:2    | Found a runed translucent gate.
 35077 | Elf:2    | Found a runed translucent gate.
 35384 | Elf:2    | Found a huge runed translucent gate.
 35384 | Elf:2    | Found a huge runed translucent gate.
 35385 | Elf:2    | Found a huge runed translucent gate.
 35385 | Elf:2    | Found a huge runed translucent gate.
 35385 | Elf:2    | Found a huge runed translucent gate.
 35385 | Elf:2    | Found a huge runed translucent gate.
 35386 | Elf:2    | Found a huge runed translucent gate.
 35386 | Elf:2    | Found a huge runed translucent gate.
 35386 | Elf:2    | Found a huge runed translucent gate.
 35386 | Elf:2    | Found a huge runed translucent gate.
 35387 | Elf:2    | Found a huge runed translucent gate.
 35389 | Elf:2    | Found a huge runed translucent gate.
 35390 | Elf:2    | Found a huge runed translucent gate.
 35390 | Elf:2    | Found a huge runed translucent gate.
 35395 | Elf:2    | Found a huge runed translucent gate.
 35422 | Elf:2    | Mangled by a +3 vampiric glaive

Illustrated notes

Levels and vault maps discovered:
D:1:      arrival_zaba_pyramid, layout_basic, serial_shops, shop, minmay_unequal
D:2:      layout_basic, shapermc_ecumenical_altar_mp_vishouse
D:3:      layout_basic, serial_shops, shop, kennysheep_generic_room_8
D:4:      minmay_skewed_foursquare, layout_loops_cross,
          nicolae_hepliaklqana_hippocampus, amcnicky_altar_gilded,
          minmay_temple_entry_gardened_gates, enter_ossuary_1
D:5:      layout_loops_corners, lemuel_tele_altar, lemuel_blue_sif_altar,
          okawaru_metal_pillars_1_2, kennysheep_cross_room
D:6:      layout_rooms, grunt_temple_overflow_open
D:7:      layout_basic, serial_shops, shop_fountains,
          mumra_transporter_accident, uniq_duvessa, uniq_joseph, uniq_maurice,
          uniq_menkaure
D:8:      minmay_opposing_rooms, layout_loops_cross, hangedman_feature_mirror,
          nicolae_diode_quadrants
D:9:      minmay_the_grid_net [minmay_the_grid_armoury, minmay_the_grid_gridbox,
          minmay_the_grid_embedded, minmay_the_grid_fan,
          minmay_the_grid_dragon_a, minmay_the_grid_prize_four_corners],
          layout_stronghold
D:10:     layout_long_grid, erik_lair_dragon, orc_0_dummy,
          nicolae_stop_n_shop_1, uniq_erolcha
D:11:     layout_irregular_city
D:12:     layout_small_grid, nicolae_diode_intersection
D:13:     layout_roguey, bh_circular_ruins, uniq_azrael
D:14:     layout_loops_ring, grunt_vaults_entry_tiered,
          nicolae_dithmenos_the_darkroom, uniq_jorgrun
D:15:     hangedman_depths_entry_try_elsewhere_first, layout_basic
Lair:1:   layout_regular_city
Lair:2:   layout_roguey, nicolae_swamp_entry_splash_gauntlet,
          minmay_snake_entry_guardpost_small
Lair:3:   dreamdust_cave_troll, layout_chaotic_city, gauntlet_entry_generic,
          infiniplex_staircase_pool, uniq_nessos, uniq_nergalle
Lair:4:   layout_regular_city, minmay_slime_entry_oklob_open
Lair:5:   evilmike_catoblepas_cave, layout_gridlike
Swamp:1:  layout_falls_marsh, evilmike_swamp_ruin_house_1, st_swamp_ruins_1,
          uniq_roxanne
Swamp:2:  layout_basic_swamp, portal_ice_cave_entry_pillars_three,
          serial_swamp_ruin, hangedman_swamp_ruin_wall,
          hangedman_swamp_ruin_hall, evilmike_swamp_ruin_wall
Swamp:3:  layout_basic_swamp, evilmike_swamp_ruin_rubble_1, swamp_pool_4,
          nicolae_swamp_long_stream
Swamp:4:  swamp_old_school, layout_basic_swamp
Snake:1:  layout_cave_shapes, nicolae_twisty_statue_hallways, minmay_shop_grove
Snake:2:  layout_gridlike, grunt_megastairs_5
Snake:3:  nicolae_snake_crotalidae_crossing, layout_cave_town,
          nicolae_snake_gridmaze_swirls, nicolae_zig_zag_zippers, uniq_aizul
Snake:4:  snake_pit, layout_cave_town, serial_nicolae_subway,
          nicolae_sub_station_metal, nicolae_sub_station_stone,
          nicolae_sub_station_crystal
Orc:1:    layout_caves
Orc:2:    st_orc_ogre_mass, layout_diamond_mine
Elf:1:    eino_elf_arrival_shootout, layout_loops_corners, serial_shops, shop,
          nicolae_trove_entry_crossroad, evilmike_minifort
Elf:2:    elven_hall_of_blades_hangedman_original [nicolae_blade_lattice],
          layout_onion_city, door_vault
Vaults:1: nicolae_vaults_diamond_2, vaults_dpeg_doors, v_misc_8,
          nicolae_vaults_trapezoid_lopsided_2, nicolae_vaults_mitosis,
          ontoclasm_vaults_ring_small, nicolae_vaults_stepped_doors,
          nicolae_vaults_storage_closets_1, nicolae_vaults_trapezoid_4,
          grunt_vaults_focal, nicolae_vaults_you_can_take_it_with_you,
          grunt_vaults_diagonal, nicolae_vaults_tetromino_Z_1,
          layout_vaults_big_cross, serial_shops, nicolae_shop_real_fake_doors,
          nicolae_shop_back_alley_shop
Vaults:2: v_alt_pattern_1, vaults_mumra_hex, vaults_room_glass_cross,
          nicolae_vaults_double_plus_3, nicolae_vaults_diagonal_hallway_9,
          ontoclasm_vaults_ring_large, nicolae_vaults_trapezoid_4,
          nicolae_vaults_tetromino_T_2, nicolae_vaults_swerve,
          hangedman_vaults_hat, nicolae_vaults_gold_heap,
          nicolae_vaults_tetromino_T_2, layout_vaults_ring, serial_shops,
          nicolae_shop_just_a_little_nook
Vaults:3: vaults_room_semicircle, grunt_vaults_hallway_long,
          nicolae_vaults_security_offices_1, v_misc_29, hangedman_vaults_slice,
          nicolae_vaults_tangram_2, nicolae_vaults_tetromino_Z_2,
          minmay_crypt_entry_nasty_monster, nicolae_vaults_heart-shaped_vault,
          nicolae_vaults_network_star, nicolae_vaults_closet_pinwheel_1,
          nicolae_vaults_taking_the_gang_shopping, layout_vaults_omnigrid

Skill      XL: |  1  2  3  4  5  6  7  8  9 10 11 12 13 14 15 16 17 18 19 20 21 22 |
---------------+-------------------------------------------------------------------+-----
Maces & Flails | 4 5 6 7 9 10 12 14 18 21 22 23 24 25 | 25.9
Fighting       | 4 5 6 7 9 10 12 13 14 15 17 18 19 20 21 | 21.9
Armour         | 3 4 5 6 7 9 10 12 13 14 15 17 18 19 20 21 | 21.7
Dodging        | 3 4 5 6 8 9 11 12 13 14 15 16 17 18 19 | 19.8
Shields        | 8 |  8.6

Action                     |  1- 3 |  4- 6 |  7- 9 | 10-12 | 13-15 | 16-18 | 19-21 | 22-24 || total
---------------------------+-------+-------+-------+-------+-------+-------+-------+-------++-------
  Melee: Mace              |    50 |   144 |       |       |       |       |       |       ||   194
         Headbutt          |     3 |    32 |    51 |   115 |   146 |   125 |   184 |    30 ||   686
         Punch             |       |     2 |     2 |       |       |       |       |       ||     4
         Flail             |       |    15 |   298 |   232 |       |       |       |       ||   545
         Morningstar       |       |       |       |   249 |       |       |       |       ||   249
         Great mace        |       |       |       |    29 |   652 |   608 |   817 |   134 ||  2240
         Eveningstar       |       |       |       |       |       |       |       |    30 ||    30
 Invoke: Berserk           |       |     1 |       |     4 |     5 |     4 |     4 |     2 ||    20
  Evoke: Wand              |       |       |       |     6 |       |     2 |       |       ||     8
    Use: Scroll            |       |     1 |     6 |     4 |    11 |    13 |     8 |     1 ||    44
         Potion            |       |       |       |       |       |     5 |     8 |       ||    13
   Stab: Distracted        |       |       |       |       |       |     1 |       |       ||     1
 Armour: Animal skin       |    12 |       |       |       |       |       |       |       ||    12
         Chain mail        |    17 |   200 |   277 |   205 |       |       |       |       ||   699
         Leather armour    |     8 |       |       |       |       |       |       |       ||     8
         Plate armour      |       |       |       |   309 |   645 |   578 |   696 |   169 ||  2397
  Dodge: Dodged            |    40 |   135 |   173 |   289 |   435 |   458 |   703 |    97 ||  2330
  Block: Buckler           |       |       |       |    81 |       |       |       |       ||    81
         Tower shield      |       |       |       |       |       |       |       |     8 ||     8
